 Dungeon Crawl Stone Soup version 0.27.1-37-g7b29ead8ac (console) character file.

Game seed: 5738467197904469824

239 grimtooth the Gusty (level 5, -16/28 HPs)
             Began as a Deep Elf Air Elementalist on Oct 27, 2023.
             Was an Initiate of Sif Muna.
             Demolished by an ogre (27 damage)
             ... on level 4 of the Dungeon.
             The game lasted 00:12:17 (4725 turns).

grimtooth the Gusty (Deep Elf Air Elementalist)     Turns: 4725, Time: 00:12:17

Health: -16/28     AC:  3    Str:  5    XL:     5   Next: 79%
Magic:  6/12       EV: 12    Int: 21    God:    Sif Muna [......]
Gold:   184        SH:  0    Dex: 15    Spells: 5/11 levels left

rFire    . . .     SeeInvis .   i - +0 dagger
rCold    . . .     Faith    .   (no shield)
rNeg     + . .     Spirit   .   a - +0 robe
rPois    .         Reflect  .   (no helmet)
rElec    .         Harm     .   (no cloak)
rCorr    .         Rampage  .   (no gloves)
Will     .....                  e - +0 pair of boots
Stlth    +++.......             (no amulet)
HPRegen  0.09/turn              q - ring of positive energy
MPRegen  0.13/turn              (no ring)

@: very slightly contaminated
A: no striking features
a: Renounce Religion


You were on level 4 of the Dungeon.
You worshipped Sif Muna.
Sif Muna was noncommittal.
You visited 1 branch of the dungeon, and saw 4 of its levels.

You collected 184 gold pieces.

Inventory:

Hand Weapons
 i - a +0 dagger (weapon)
Missiles
 c - 123 stones
 h - 18 sling bullets
 k - 9 poisoned darts
 m - 91 arrows
Armour
 a - a +0 robe (worn)
 e - a +0 pair of boots (worn)
Jewellery
 q - a ring of positive energy (left hand)
 r - a ring of fire
Wands
 j - a wand of charming (17)
Scrolls
 b - 2 scrolls of identify {unknown}
 f - 2 scrolls of noise {unknown}
 g - 3 scrolls of teleportation {unknown}
 n - a scroll of blinking {unknown}
 p - a scroll of immolation {unknown}
 t - a scroll of fear {unknown}
 u - a scroll of amnesia {unknown}
 v - a scroll of fog {unknown}
 w - a scroll of enchant armour {unknown}
Potions
 d - 4 potions of heal wounds {unknown}
 l - 2 potions of lignification {unknown}
 o - 2 potions of curing {unknown}
 s - a potion of attraction {unknown}


   Skills:
 - Level 2.4 Dodging
 - Level 4.0 Stealth
 + Level 3.5 Spellcasting
 - Level 3.0 Conjurations
 * Level 5.2 Air Magic


You had 5 spell levels left.
You knew the following spells:

 Your Spells              Type           Power      Damage    Failure   Level
a - Shock                 Conj/Air       84%        1d8       2%          1
b - Static Discharge      Conj/Air       21%        N/A       3%          2
s - Swiftness             Air            25%        N/A       4%          3

Your spell library contained the following spells:

 Spells                   Type           Power      Damage    Failure   Level
 Beastly Appendage        Tmut           6%         N/A       13%         1
 Airstrike                Air            12%        N/A       14%         4
 Wereblood                Tmut           3%         N/A       19%         2
 Spider Form              Tmut/Pois      1%         N/A       36%         3


Dungeon Overview and Level Annotations

Branches:
Dungeon (4/15)
 Temple: D:4-7

Altars:
Sif Muna

Shops:
D:4 (

Annotations:
D:2 1 runed translucent door, Crazy Yiuf
D:4 exclusion: ogre


Message History

Confirm with . or Enter, or press ? or * to list all spells.
Aiming: Shock (safe; 2% risk of failure)
Press: ? - help, Shift-Dir - straight line, f/p - ogre
Aim: an ogre, wielding a +0 giant club (lightly wounded, 88% to hit)
The zap hits the ogre.
The ogre is moderately wounded.
Casting: Shock (safe; 2% risk of failure)
Confirm with . or Enter, or press ? or * to list all spells.
Aiming: Shock (safe; 2% risk of failure)
Press: ? - help, Shift-Dir - straight line, p - ogre The zap hits the ogre.
The ogre is heavily wounded.
The zap hits the ogre.
The ogre is heavily wounded.
Casting: Shock (safe; 2% risk of failure)
Confirm with . or Enter, or press ? or * to list all spells.
Aiming: Shock (safe; 2% risk of failure)
Press: ? - help, Shift-Dir - straight line The zap hits the ogre.
The ogre is severely wounded.
The zap misses the ogre.
Casting: Shock (safe; 2% risk of failure)
Confirm with . or Enter, or press ? or * to list all spells.
Aiming: Shock (safe; 2% risk of failure)
Press: ? - help, Shift-Dir - straight line You miscast Shock.
You are very lightly contaminated with residual magic.
Nothing appears to happen.
The ogre hits you with a +0 giant club!
Ouch! That really hurt!
Casting: Shock (safe; 2% risk of failure)
Confirm with . or Enter, or press ? or * to list all spells.
Aiming: Shock (safe; 2% risk of failure)
Press: ? - help, Shift-Dir - straight line The zap hits the ogre.
The ogre is severely wounded.
The zap hits the ogre.
The ogre is almost dead.
The ogre hits you with a +0 giant club!!
Ouch! That really hurt!
You die...

#.......###.....#.##.#..
#....................#..
#.#...............###...
#....)............###..)
#.∩.#...................
#.......................
#.#.....#...)..=......#.
#.###.####..#...........
#......####.........#...
###.....##>........###..
#....@O..##...........
#...#...[........####.
######...##......# ##
##### #.#.##.###### #
#...# ##...(..# #
##...###.......# #
#8.............# ##
##...####......# ####.
#..## #......######....
##..# ######...........
#8..#### ##..#####.....


You could see an ogre.

Vanquished Creatures
  A hound (D:4)
  2 orc priests
  An iguana (D:4)
  5 adders
  An adder skeleton (D:4)
  7 orcs
  9 ball pythons
  4 bats
  6 endoplasms
  4 giant cockroaches
  5 goblins
  6 hobgoblins
  7 kobolds
  6 quokkas
  3 frilled lizards
  4 rats
71 creatures vanquished.

Vanquished Creatures (others)
  4 plants (D:1)
4 creatures vanquished.

Grand Total: 75 creatures vanquished

Notes
Turn   | Place    | Note
-------+----------+-------------------------------------------
     0 | D:1      | grimtooth the Deep Elf Air Elementalist began the quest for
                  | the Orb.
     0 | D:1      | Reached XP level 1. HP: 10/10 MP: 6/6
   382 | D:1      | Found a faded altar of an unknown god.
   412 | D:1      | Reached XP level 2. HP: 15/15 MP: 5/8
   854 | D:1      | Reached XP level 3. HP: 19/19 MP: 6/9
  1369 | D:2      | Learned a level 2 spell: Static Discharge
  1532 | D:2      | Reached skill level 4 in Air Magic
  2211 | D:2      | Found a runed translucent door.
  2212 | D:2      | Noticed Crazy Yiuf
  2538 | D:3      | Reached XP level 4. HP: 24/24 MP: 4/10
  2670 | D:3      | Found a shimmering blue altar of Sif Muna.
  2682 | D:3      | - another chance
  2683 | D:3      | Became a worshipper of Sif Muna the Loreminder
  3561 | D:4      | Learned a level 3 spell: Swiftness
  3659 | D:4      | Reached XP level 5. HP: 28/28 MP: 8/11
  3688 | D:4      | Noticed an ogre
  3893 | D:4      | Found Manolirr's Antique Weapon Emporium.
  4043 | D:4      | Reached skill level 5 in Air Magic
  4725 | D:4      | Demolished by an ogre

Illustrated notes

####.#####.....##
.........##..>..##
..........##.....##
..................## #
#.................## ..
+.................## ##.
.................## ....
#.##......##.....##
#..#.#..#...........'.
..##.....##..####.....##
......_@...............(
..##.....##).###########
#..#.#..#..# # #...
#.##...############ ...
.......##........## ##
######..##.#####.###
##.##<# #.# # #.##.# #.#
# #.##.# #.### #.##.#
#..)) #.# #####


Turn 2682 on D:3: - another chance

Levels and vault maps discovered:
D:1:      psy_arrival_statuary, layout_basic, serial_bayou, serial_bayou_lake_a,
          serial_bayou_lagoon_b, serial_bayou_pond_c, serial_bayou_pond_d,
          ebering_ecumenical_altar_sacrificial, minmay_box_of_dots
D:2:      layout_basic, glass_columns_a, uniq_crazy_yiuf_cottage
D:3:      layout_basic, mainiacjoe_overflow_small_starburst
D:4:      minmay_spotlight, layout_rooms, serial_shops, nicolae_shop_stone,
          serial_corexii_hall, corexii_hall_statues_deadend,
          chequers_hall_statues_y, chequers_hall_statues_wall_a

Skill      XL: |  1  2  3  4  5 |
---------------+----------------+-----
Stealth        | 3 4 |  4.0
Conjurations   | 2 3 |  3.0
Air Magic      | 4 5 |  5.2
Dodging        | |  2.4
Spellcasting   | |  3.5

Action                   |  1- 3 |  4- 6 || total
-------------------------+-------+-------++-------
Melee: Dagger            |       |     2 ||     2
 Cast: Shock             |   100 |    65 ||   165
       Static Discharge  |       |     4 ||     4
Armor: Robe              |     2 |     1 ||     3
Dodge: Dodged            |     4 |     8 ||    12
